 Dungeon Crawl Stone Soup version 0.30-a0-782-ge64f9170bb (webtiles) character file.

Game seed: 3590619213442321423

14702 HammerPanzer the Severer (level 11, -1/85 HPs)
             Began as a Minotaur Berserker on Feb 19, 2023.
             Was a Priest of Trog.
             Slain by Jorgrun
             ... wielding a +0 heavy quarterstaff
              (20 damage)
             ... on level 12 of the Dungeon.
             The game lasted 00:26:37 (9920 turns).

HammerPanzer the Severer (Minotaur Berserker)       Turns: 9920, Time: 00:26:37

Health: -1/85      AC: 19    Str: 26    XL:     11   Next: 92%
Magic:  14/14      EV:  5    Int:  4    God:    Trog [***...]
Gold:   536        SH:  7    Dex: 10    Spells: 15/15 levels left

rFire   + . .      SeeInvis .    k - +5 war axe (freeze)
rCold   . . .      Faith    .    m - +0 kite shield
rNeg    . . .      Spirit   .    f - +1 plate armour
rPois   .          Reflect  .    g - +1 hat
rElec   .          Harm     .    j - +1 cloak {Stlth+}
rCorr   .          Rampage  .    r - +3 pair of gauntlets of War {Slay+5}
Will    .....                    (no boots) Stlth
                                 (no amulet)
HPRegen 0.34/turn                p - ring of protection from fire
MPRegen 0.14/turn                (no ring)

@: on berserk cooldown, hasted and slowed
A: horns 2, retaliatory headbutt
a: Renounce Religion, Berserk, Trog's Hand


You were on level 12 of the Dungeon.
You worshipped Trog.
Trog was most pleased with you.
You visited 1 branch of the dungeon, and saw 12 of its levels.

You collected 536 gold pieces.

Inventory:

Hand Weapons
 k - a +5 war axe of freezing (weapon)
 v - a +0 broad axe
 x - the +3 falchion of Growth {holy, rF+ Str+2 Stlth+}
   (You found it on level 9 of the Dungeon)

   Str:       It affects your strength (+2).
   rF:        It protects you from fire.
   Stlth:     It makes you more stealthy.
Missiles
 d - 10 boomerangs (quivered)
Armour
 f - a +1 plate armour (worn)
 g - a +1 hat (worn)
 j - a +1 cloak of stealth (worn)
 m - a +0 kite shield (worn)
 r - the +3 pair of gauntlets of War (worn) {Slay+5}
   (You found it on level 7 of the Dungeon)

   Slay:      It affects your accuracy & damage with ranged weapons and melee
   (+5).
Jewellery
 p - a ring of protection from fire (left hand)
Wands
 h - a wand of charming (16)
 o - a wand of polymorph (5)
 s - a wand of iceblast (16)
 u - a wand of quicksilver (1)
 w - a wand of mindburst (6)
Scrolls
 A - a scroll of identify
 B - a scroll of butterflies
Potions
 a - a potion of flight
 b - a potion of mutation
 c - 7 potions of curing
 e - 2 potions of lignification
 i - a potion of resistance
 l - 2 potions of might
 n - 2 potions of haste
 t - 3 potions of brilliance
 z - a potion of attraction


   Skills:
 + Level 4.5 Fighting
 + Level 6.4 Long Blades
 - Level 20.6 Axes
 + Level 3.6 Armour
 - Level 2.1 Dodging
 + Level 2.3 Shields
 - Level 2.6 Spellcasting


You had 15 spell levels left.
You didn't know any spells.
Your spell library was empty.

Dungeon Overview and Level Annotations

Branches:
Dungeon (12/15)            Temple (0/1) D:7            Lair (0/5) D:11
    Orc (0/2) D:11

Altars:
Ashenzari
Elyvilon
Kikubaaqudgha
Nemelex Xobeh
Qazlal
Ru
Sif Muna
Yredelemnul
Zin
The Shining One

Shops:
D:7 :   D:9 !

Annotations:
D:12 Frances, Jorgrun


Innate Abilities, Weirdness & Mutations

You have a pair of horns on your head.
You reflexively headbutt those who attack you in melee.


Message History

You barely miss Frances. Frances barely misses you. You furiously retaliate!
You headbutt Frances! You slice Frances!! You freeze Frances.
Your headbutt misses Frances.
Frances is moderately wounded.
You slash Frances! You freeze Frances.
Frances is moderately wounded.
Frances completely misses you.
You slice Frances!! You freeze Frances. You headbutt Frances!
Frances is heavily wounded.
Frances hits you with a +0 war axe!!
* * * LOW HITPOINT WARNING * * *
You barely miss Frances.
Frances is heavily wounded.
You hit Frances. You headbutt Frances!
Frances is severely wounded.
Frances chants phrases taken from a devil's mouth.
Jorgrun points next to you and mumbles some strange words.
Some rock shatters into small pieces.
You slash Frances! You freeze Frances. Your headbutt misses Frances.
Frances is severely wounded.
You closely miss the ice devil.
You are no longer berserk.
You are exhausted.
You feel yourself slow down.
You hit Frances.
Frances is severely wounded.
You hit the ice devil.
Frances screams a word of power!
The ice devil hits you.
* * * LOW HITPOINT WARNING * * *
The ice devil freezes you!
* * * LOW HITPOINT WARNING * * *
Okay, then.
You feel much better.
The soul eater disappears in a puff of smoke!
Frances mutters in a terrible tongue.
The shard of ice hits you!!
* * * LOW HITPOINT WARNING * * *
Jorgrun hits you with a +0 heavy quarterstaff!!
You die...

### ### ##### ..#
##.#######...# #.#
##..........#.#
#.###.....#####434#
.........## ##@##
#.#####.## #g@# #.#
#.# ##ยง# #.# #.#
#.# ..# ##'## #..
### ##...## ....
##.....## ....#
##.......# ......
###.........#
.....##


You could see Frances, Jorgrun, 2 ice devils and a sixfirhy (summoned).

Vanquished Creatures
  Erolcha (D:9)
  Erica (D:8)
  Urug (D:12)
  Sonja (D:11)
  A deep elf pyromancer (D:12)
  2 cyclopes
  An orc sorcerer (D:7)
  Joseph (D:8)
  Maggie (D:8)
  2 unseen horrors
  A komodo dragon (D:11)
  4 trolls
  Prince Ribbit (D:8)
  A hornet (D:10)
  A shadow (D:11)
  15 yaks
  Eustachio (D:5)
  A wraith (D:9)
  3 wyverns (D:11)
  Grum (D:8)
  5 vampire mosquitoes
  A basilisk (D:11)
  A steam dragon (D:9)
  Edmund (D:4)
  A two-headed ogre zombie (D:11)
  An acid dragon (D:10)
  2 water moccasins
  5 orc warriors
  2 ice beasts (D:7)
  A sky beast (D:4)
  A swamp drake (D:11)
  A tengu (D:9)
  2 ogres (D:5)
  2 wolves (D:8)
  A phantom (D:11)
  A centaur (D:8)
  3 kobold brigands
  4 bullfrogs
  2 gnoll sergeants
  3 scorpions
  14 killer bees
  A troll zombie (D:11)
  Crazy Yiuf (D:4)
  3 hounds
  2 jellies (D:6)
  5 orc priests
  3 iguanas
  6 orc wizards
  6 ogre zombies (D:11)
  7 gnolls
  3 adders
  2 shadow imps
  A white imp (D:8)
  2 ufetubi
  A worm (D:3)
  20 orcs
  8 ball pythons
  6 bats
  3 endoplasms
  4 giant cockroaches
  6 goblins
  6 hobgoblins
  2 jackals (D:4)
  20 kobolds
  2 quokkas
  A frilled lizard (D:1)
  3 goblin skeletons (D:11)
  3 goblin zombies (D:11)
  2 hobgoblin skeletons (D:11)
  4 hobgoblin zombies (D:11)
  2 orc skeletons (D:11)
  11 orc zombies (D:11)
  6 rats
247 creatures vanquished.

Vanquished Creatures (others)
  A human (D:3)
  An orc (D:9)
2 creatures vanquished.

Grand Total: 249 creatures vanquished

Notes
Turn   | Place    | Note
-------+----------+-------------------------------------------
     0 | D:1      | HammerPanzer the Minotaur Berserker began the quest for the
                  | Orb.
     0 | D:1      | Reached XP level 1. HP: 19/19 MP: 0/0
   161 | D:1      | Reached skill level 4 in Axes
   240 | D:1      | Reached XP level 2. HP: 26/26 MP: 1/1
   483 | D:1      | Reached skill level 5 in Axes
   495 | D:1      | Reached XP level 3. HP: 29/31 MP: 2/2
   577 | D:1      | Reached ** piety under Trog
  1785 | D:3      | Found an ancient bone altar of Kikubaaqudgha.
  1786 | D:3      | Noticed a human
  1788 | D:3      | Killed a human
  2091 | D:4      | Noticed a sky beast
  2104 | D:4      | Killed a sky beast
  2105 | D:4      | Reached skill level 7 in Axes
  2105 | D:4      | Reached XP level 4. HP: 39/39 MP: 3/3
  2105 | D:4      | Reached XP level 5. HP: 45/45 MP: 4/4
  2201 | D:4      | Found a sparkling altar of Nemelex Xobeh.
  2406 | D:4      | Found a white marble altar of Elyvilon.
  2407 | D:4      | Found a glowing golden altar of the Shining One.
  2408 | D:4      | Found a glowing silver altar of Zin.
  2454 | D:4      | Found a runed translucent door.
  2455 | D:4      | Noticed Crazy Yiuf
  2460 | D:4      | Killed Crazy Yiuf
  2584 | D:4      | Identified the +1 ring mail of the Soldier {Harm Str-5
                  | Slay+3}
  2692 | D:4      | Noticed Edmund
  2703 | D:4      | Killed Edmund
  2704 | D:4      | Reached skill level 8 in Axes
  2704 | D:4      | Reached XP level 6. HP: 51/51 MP: 5/5
  3013 | D:5      | Entered Level 5 of the Dungeon
  3013 | D:5      | Noticed Eustachio
  3042 | D:5      | Killed Eustachio
  3043 | D:5      | Reached skill level 9 in Axes
  3043 | D:5      | Reached XP level 7. HP: 14/57 MP: 6/6
  3292 | D:5      | Found a stormy altar of Qazlal.
  3414 | D:5      | Reached skill level 10 in Axes
  3735 | D:5      | Reached skill level 11 in Axes
  3947 | D:5      | Found a basalt altar of Yredelemnul.
  4047 | D:6      | Reached XP level 8. HP: 64/64 MP: 7/7
  4213 | D:6      | Reached skill level 12 in Axes
  4846 | D:7      | Found Unurchatt's Book Shop.
  4867 | D:7      | Reached skill level 13 in Axes
  4870 | D:7      | Reached *** piety under Trog
  4962 | D:7      | Found a staircase to the Ecumenical Temple.
  5124 | D:7      | Reached skill level 14 in Axes
  5269 | D:7      | Found the +3 pair of gauntlets of War {Slay+5}
  5279 | D:7      | Noticed an orc sorcerer
  5290 | D:7      | Killed an orc sorcerer
  5291 | D:7      | Reached XP level 9. HP: 70/70 MP: 8/8
  5516 | D:8      | Noticed Prince Ribbit
  5522 | D:8      | Killed Prince Ribbit
  5523 | D:8      | Reached skill level 15 in Axes
  5527 | D:8      | Noticed Joseph
  5553 | D:8      | Killed Joseph
  5596 | D:8      | Noticed Erica
  5607 | D:8      | Killed Erica
  5608 | D:8      | Reached skill level 16 in Axes
  5801 | D:8      | Noticed Maggie
  5810 | D:8      | Killed Maggie
  5811 | D:8      | Reached skill level 17 in Axes
  5811 | D:8      | Reached XP level 10. HP: 77/77 MP: 9/9
  5885 | D:8      | Found a sacrificial altar of Ru.
  5934 | D:8      | Noticed Grum
  5943 | D:8      | Killed Grum
  6386 | D:9      | Reached skill level 18 in Axes
  6452 | D:9      | Noticed Erolcha
  6458 | D:9      | Killed Erolcha
  6751 | D:9      | Found Noli's Distillery.
  6815 | D:9      | Identified the +3 falchion of Growth {holy, rF+ Str+2
                  | Stlth+}
  6923 | D:9      | Reached **** piety under Trog
  6966 | D:9      | Noticed Psyche
  6972 | D:9      | Psyche changed into Psyche the tengu
  6972 | D:9      | Noticed Psyche
  6973 | D:9      | Killed Psyche the tengu
  7188 | D:9      | Reached skill level 19 in Axes
  7201 | D:9      | Found a shimmering blue altar of Sif Muna.
  7241 | D:10     | Entered Level 10 of the Dungeon
  7263 | D:10     | Found a broken altar of Ashenzari.
  7482 | D:10     | Reached skill level 1 in Long Blades
  7558 | D:10     | Reached XP level 11. HP: 82/82 MP: 10/10
  8056 | D:11     | Reached skill level 20 in Axes
  8059 | D:11     | Reached skill level 1 in Spellcasting
  8593 | D:11     | Found a staircase to the Orcish Mines.
  8905 | D:11     | Noticed Sonja
  8919 | D:11     | Killed Sonja
  8920 | D:11     | Reached skill level 5 in Long Blades
  9504 | D:11     | Found a staircase to the Lair.
  9652 | D:12     | Noticed Urug
  9654 | D:12     | Noticed a deep elf pyromancer
  9662 | D:12     | Killed Urug
  9663 | D:12     | Reached skill level 1 in Shields
  9667 | D:12     | Killed a deep elf pyromancer
  9905 | D:12     | Noticed Frances
  9911 | D:12     | Noticed Jorgrun
  9918 | D:12     | Noticed a soul eater
  9920 | D:12     | Noticed a sixfirhy
  9920 | D:12     | Slain by Jorgrun

Illustrated notes

Levels and vault maps discovered:
D:1:      heliophobic_arrival_henge, layout_basic
D:2:      layout_basic
D:3:      layout_basic, tgw_kikubaaqudgha, kennysheep_nub, item_on_display_a
D:4:      layout_loops_cross, good_gods_temple_1, nemelex_diamond_rough_becter,
          kennysheep_generic_room_10, uniq_edmund, uniq_crazy_yiuf_cottage
D:5:      layout_rooms, mainiacjoe_overflow_concentric_impassable,
          mainiacjoe_overflow_alcove_2, st_stairs_6,
          chequers_serial_rivers_micro_a, uniq_eustachio
D:6:      layout_rooms
D:7:      cheibrodos_wizards_tower, layout_rooms, minmay_temple_entry_wispy,
          serial_shops, shop
D:8:      layout_gridville, nicolae_ru_the_path_less_chosen, uniq_grum,
          uniq_prince_ribbit1, uniq_erica, uniq_maggie, uniq_joseph
D:9:      layout_roguey, tgw_sif, serial_curves, eino_curves_01, eino_curves_01,
          serial_shops, shop, uniq_psyche, uniq_erolcha
D:10:     layout_rooms, lemuel_tele_altar
D:11:     layout_loops_corners, erik_lair_dragon, zombieorc2_lemuel, uniq_sonja
D:12:     layout_loops_corners, chequers_arboretum, uniq_jorgrun, uniq_rupert,
          uniq_urug, uniq_frances

Skill      XL: |  1  2  3  4  5  6  7  8  9 10 11 |
---------------+----------------------------------+-----
Axes           | 4 5 7 8 9 11 14 17 19 20 | 20.6
Long Blades    | 2 6 |  6.4
Spellcasting   | 2 |  2.6
Shields        | 2 |  2.3
Fighting       | 4 |  4.5
Armour         | 3 |  3.6
Dodging        | |  2.1

Action                     |  1- 3 |  4- 6 |  7- 9 | 10-12 || total
---------------------------+-------+-------+-------+-------++-------
  Melee: Hand axe          |   107 |    22 |       |       ||   129
         Headbutt          |    11 |     5 |    23 |    39 ||    78
         War axe           |       |    19 |   160 |   227 ||   406
         Punch             |       |       |     5 |       ||     5
  Throw: Boomerang         |       |     2 |    30 |     3 ||    35
 Invoke: Berserk           |     1 |     4 |     7 |    12 ||    24
  Evoke: Wand              |       |       |     3 |     3 ||     6
    Use: Scroll            |     8 |     1 |    13 |    11 ||    33
         Potion            |       |       |     1 |     4 ||     5
 Armour: Animal skin       |     1 |       |       |       ||     1
         Plate armour      |    61 |    46 |   102 |   158 ||   367
  Dodge: Dodged            |    40 |    31 |    54 |    44 ||   169
  Block: Kite shield       |       |       |     6 |    52 ||    58

Table legend: (Time is in decaauts)
 A = Elapsed time spent in this place.
 B = Non-inter-level travel time spent in this place.
 C = Inter-level travel time spent in this place.
 D = Time resting spent in this place.
 E = Time spent auto-exploring this place.
 F = Levels seen in this place.
 G = Mean time per level.
                   A        B        C        D        E       F      G
               +--------+--------+--------+--------+--------+-----+--------+
         Total |  10137 |   9823 |    314 |   2630 |   5521 |  12 |  844.8 |
       Dungeon |  10137 |   9823 |    314 |   2630 |   5521 |  12 |  844.8 |
               +--------+--------+--------+--------+--------+-----+--------+

Top non-repeatable levels by time:
    D:11: 1782 daAuts
     D:4: 1194 daAuts
     D:9: 977 daAuts
     D:5: 883 daAuts
     D:8: 821 daAuts
     D:6: 819 daAuts
     D:1: 772 daAuts
     D:2: 694 daAuts
     D:7: 657 daAuts
    D:10: 631 daAuts
     D:3: 588 daAuts
    D:12: 314 daAuts
